 Dungeon Sprint DCSS version 0.30.1-11-g7821555f0a (webtiles) character file.

Game seed: 17623091835397322254

2600000 Groucho the Intangible (level 16, -43/109 HPs)
             Began as a Spriggan Monk on Jan 16, 2024.
             Was a High Priest of Makhleb.
             Annihilated by a destroyer
             ... wielding a +9 heavy great sword
              (118 damage)
             ... in the Dungeon (Sprint VIII: "Arena of Blood").
             The game lasted 00:01:31 (26 turns).

Groucho the Intangible (Spriggan Monk)                Turns: 26, Time: 00:01:32

Health: -43/109    AC:  2    Str:  9    XL:     16   Next: 45%
Magic:  16/31      EV: 45    Int: 13    God:    Makhleb [*****.]
Gold:   0          SH:  0    Dex: 22    Spells: 15/15 levels left

rFire   . . .        k - +∞ Axe of Woe
rCold   . . .        (shield currently unavailable)
rNeg    . . .        b - +0 robe
rPois   .            (helmet restricted)
rElec   .            (no cloak)
rCorr   .            (gloves unavailable)
SInv    +            (boots unavailable)
Will    ++...        (no amulet)
Stlth   ++           (no ring)
HPRegen 0.38/turn    (no ring)
MPRegen 0.22/turn

%: no teleportation
@: very quick
A: very small, no large weapons, unfitting armour, see invisible, speed 3
a: Renounce Religion, Minor Destruction, Lesser Servant of Makhleb, Major
Destruction, Greater Servant of Makhleb


You were in the Dungeon.
You worshipped Makhleb.
Makhleb was extremely pleased with you.
You visited 1 branch

Inventory:

Hand Weapons
 a - a +0 hand axe
 k - the +∞ Axe of Woe (weapon)
   (You found it in the Dungeon)
Armour
 b - a +0 robe (worn)
 d - an orb of light
Jewellery
 l - a +30 ring of slaying
Scrolls
 j - a scroll of blinking
Potions
 c - a potion of ambrosia
 e - a potion of curing
 f - a potion of heal wounds
 g - a potion of haste
 h - 2 potions of magic
 i - a potion of berserk rage


   Skills:
 + Level 23.6 Fighting
 O Level 27 Axes
 O Level 27 Dodging
 + Level 21.2 Invocations


You had 15 spell levels left.
You didn't know any spells.
Your spell library was empty.

Dungeon Overview and Level Annotations

Branches:
Dungeon (1/1)

Altars:
Makhleb


Innate Abilities, Weirdness & Mutations

You are very small and have problems with some larger weapons.
You are too small for most types of armour.
You have supernaturally acute eyesight. (SInv)
You cover ground extremely quickly. (Speed+++)


Message History

You can now summon a greater servant of Makhleb.
You hear a shout! x12
Your Fighting skill gained 2 levels and is now at level 20!
Your Invocations skill gained 6 levels and is now at level 16!
Unknown command.
Unknown command.
You slash the meat berserker!
You chop the meat berserker into pieces.
You kill the meat berserker!
Makhleb accepts your kill.
The large bag of meat appears out of thin air!
A large bag of meat comes into view. It is wielding a +9 giant spiked club.
The large bag of meat shouts in stereo!
You hear a shout! x8
The destroyer casts a spell at you.
The destroyer blinks!
Your Fighting skill gained 2 levels and is now at level 22!
Your Invocations skill gained 2 levels and is now at level 18!
You have reached level 16!
Unknown command.
You slash the large bag of meat!
Flame seeps out of the large bag of meat.
You pulverise the large bag of meat into a thin bloody mist.
Makhleb accepts your kill.
The large bag of meat explodes!
The fiery explosion engulfs the bag of meat!! x2
The fiery explosion engulfs you!!
You are engulfed in blazing flames.
You hear a shout! x10
Your Fighting skill increases to level 23!
Your Invocations skill gained 3 levels and is now at level 21!
Unknown command.
Unknown command.
Unknown command.
Unknown command.
You hear a shout! x5
The bag of meat is engulfed in blazing flames.
You hear a shout! x6
The bag of meat is engulfed in blazing flames.
The destroyer hits you with a +9 heavy great sword!!!!
Ouch! That really hurt!
You die...

..........
...........
.........
#.......# .. #....
..# . ...###...
..###..
........###.......
#.......)_........
......#§o§@.#....
..... #_o§)V# .
.... #§§§..# #..
....._.....
........###......
. .###... ..###.
#... ..# #.. ..#
.. ..


You could see a destroyer and 2 bags of meat.

Vanquished Creatures
  A vampire knight (D)
  4 ogres (D)
  A two-headed ogre (D)
  6 orcs (D)
12 creatures vanquished.

Notes
Turn   | Place    | Note
-------+----------+-------------------------------------------
     0 | D        | Found the +∞ Axe of Woe
     0 | D        | Groucho the Spriggan Monk began the quest for the Orb.
     0 | D        | Reached XP level 1. HP: 11/11 MP: 2/2
     1 | D        | Noticed a bag of meat
     2 | D        | Noticed a bag of meat
     2 | D        | Noticed a bag of meat
     3 | D        | Noticed a bag of meat
     3 | D        | Noticed a bag of meat
     4 | D        | Noticed a bag of meat
     5 | D        | Noticed a meat berserker
     7 | D        | Noticed a meat berserker
     8 | D        | Noticed a meat berserker
     9 | D        | Became a worshipper of Makhleb the Destroyer
     9 | D        | Reached * piety under Makhleb
     9 | D        | Reached ** piety under Makhleb
    11 | D        | Killed a meat berserker
    11 | D        | Killed a bag of meat
    12 | D        | Reached XP level 2. HP: 32/32 MP: 3/3
    12 | D        | Reached XP level 3. HP: 36/36 MP: 4/4
    12 | D        | Reached XP level 4. HP: 41/41 MP: 5/5
    12 | D        | Reached XP level 5. HP: 45/45 MP: 6/6
    12 | D        | Reached XP level 6. HP: 51/51 MP: 7/7
    12 | D        | Reached XP level 7. HP: 55/55 MP: 8/8
    12 | D        | Reached XP level 8. HP: 60/60 MP: 9/9
    12 | D        | Reached XP level 9. HP: 64/64 MP: 10/10
    12 | D        | Reached XP level 10. HP: 69/69 MP: 11/11
    12 | D        | Reached XP level 11. HP: 73/73 MP: 12/12
    12 | D        | Reached XP level 12. HP: 79/79 MP: 13/13
    13 | D        | Killed a bag of meat
    14 | D        | Reached XP level 13. HP: 83/83 MP: 14/14
    14 | D        | Killed a bag of meat
    14 | D        | Reached *** piety under Makhleb
    14 | D        | Killed a meat berserker
    14 | D        | Killed a meat berserker
    14 | D        | Noticed a bag of meat
    15 | D        | Reached skill level 27 in Dodging
    15 | D        | Reached XP level 14. HP: 88/88 MP: 15/15
    17 | D        | Killed a bag of meat
    17 | D        | Reached **** piety under Makhleb
    17 | D        | Killed a bag of meat
    18 | D        | Reached skill level 27 in Axes
    18 | D        | Reached XP level 15. HP: 93/93 MP: 15/21
    19 | D        | Reached skill level 10 in Invocations
    20 | D        | Noticed a destroyer
    21 | D        | Noticed a meat berserker
    21 | D        | Noticed a destroyer
    23 | D        | Killed a destroyer
    23 | D        | Reached ***** piety under Makhleb
    24 | D        | Killed a meat berserker
    24 | D        | Noticed a large bag of meat
    25 | D        | Reached XP level 16. HP: 107/107 MP: 15/30
    25 | D        | Killed a large bag of meat
    26 | D        | Annihilated by a destroyer

Illustrated notes

Levels and vault maps discovered:
D:        meatsprint

Skill      XL: |  1  2  3  4  5  6  7  8  9 10 11 12 13 14 15 16 |
---------------+-------------------------------------------------+-----
Fighting       | 16 17 22 23 | 23.6
Axes           | 16 17 25 27 | 27.0
Dodging        | 23 25 27 | 27.0
Invocations    | 7 18 21 | 21.2

Action                     |  1- 3 |  4- 6 |  7- 9 | 10-12 | 13-15 | 16-18 || total
---------------------------+-------+-------+-------+-------+-------+-------++-------
  Melee: Broad axe         |     1 |       |       |     1 |     5 |     1 ||     8
